AoeStats
← Rafaelbdoo

Arabia

506660188Analyzed
1v1 RM · 19d ago on Sep 14, 2026· 65m 17s· 2 players
Game mode
Random Map
Map size
Tiny (2 player)
Population
200
Speed
Normal
Resources
Standard
Victory
Conquest
Starting age
Dark Age
Ending age
Imperial Age
RankedLock teamsTeams togetherTeam positionsShared explorationLock speedFull tech treeHidden civsTurbo modeCheats
Victory
Defeat
🇧🇷 Byzantines · Brazil
546
+19
🇦🇷 Teutons · Argentina
611
-25
Rafaelbdoo
3:07 Loom
11:26 Feudal Age
11:56 Double-Bit Axe
11:55 Horse Collar
15:01 Man-at-Arms
21:01 Fletching
24:19 Padded Archer Armor
27:12 Castle Age
27:08 Gold Mining
28:17 Bow Saw
28:10 Heavy Plow
28:32 Crossbowman
29:23 Bodkin Arrow
31:44 Forging
33:06 Pikeman
35:02 Gold Shaft Mining
34:20 Stone Mining
34:01 Elite Skirmisher
36:16 Wheelbarrow
44:12 Leather Archer Armor
47:11 Stone Shaft Mining
51:22 Imperial Age
56:27 Halberdier
61:26 Treadmill Crane
63:35 Arbalester
gonzalovega84
6:28 Loom
10:20 Feudal Age
10:31 Man-at-Arms
16:32 Scale Mail Armor
17:37 Forging
24:23 Castle Age
25:07 Long Swordsman
28:14 Iron Casting
29:27 Chain Mail Armor
41:58 Imperial Age
42:59 Cavalier
63:56 Plate Mail Armor
Connection lost

Rejoining the realm…

Still unreachable

The connection could not be restored.

Session expired

The server has moved on; the page needs a fresh start.